Cogmind - Beta 14 @@@ ROGUE MODE // 2024.08.07 @ 11:22:46 Player: Andru7428 Result: Destroyed by TD-7WY(h) with KE Penetrator Performance ------------- Evolutions (0) 0 Regions Visited (4) 800 Robots Destroyed (30) 150 Value Destroyed (845) 845 Prototype IDs (8) 160 Alien Tech Used (0) 0 Bonus (2870) 2870 TOTAL SCORE: 4825 Bonus ------- Follower Combat Kills 570 Delivered SUBCON Basin 2000 Registered with UFD 300 Cogmind --------- Core Integrity 0/250 Matter 272/300 Energy 80/100 System Corruption 0% Temperature Cool (0) Movement Rolling (80) Ox1 Location -9/Scraptown Parts ------- > --- POWER (1) -------- (None) > --- PROPULSION (2) --- Overtuned Huge Scrapsphere > --- UTILITY (2) ------ Large Storage Unit Structural Scanner > --- WEAPON (2) ------- (None) > --- INVENTORY (15) --- Scrap Suit Tech Extrapolator Overtuned Beamcaster Overtuned Barrage Gun EMP Blaster Grenade Launcher Dirty Datajack (20) Junk Cannon (10) Makeshift Axe Peak State ------------ > --- POWER ------------ Ion Engine > --- PROPULSION ------- Light Treads Subdweller Monowheel > --- UTILITY ---------- Humpback > --- WEAPON ----------- Subdweller Beam Cannon Makeshift Axe > --- INVENTORY -------- Subdweller Power Source Subdweller Power Source Subdweller Power Source Subdweller Power Source Subdweller Monowheel Large Storage Unit Structural Scanner Subdweller Optics Subdweller Optics Subdweller Optics Scrap Shield V3-11A's Pendant Subdweller Laser Subdweller Laser Subdweller Beam Cannon Subdweller Machine Gun Subdweller Machine Gun Grenade Launcher Dirty Datajack SUBCON Basin [Rating: 34] Favorites ----------- Power Ion Engine Engine Ion Engine Propulsion Light Treads Treads Light Treads Wheel Subdweller Monowheel Utility Large Storage Unit Device Structural Scanner Storage Large Storage Unit Weapon Subdweller Beam Cannon Energy Gun Small Laser Energy Cannon Subdweller Beam Cannon Ballistic Gun Subdweller Machine Gun Launcher Grenade Launcher Special Weapon Junk Cannon Impact Weapon Hammer Slashing Weapon Makeshift Axe Build | -11 -10 -10 -9 -9 ------- Run | Yrd Mat Sub Rec Scr Slots Evolved . | . . . . . Power . | . . . . . Propulsion . | . . . . . Utility . | . . . . . Weapon . | . . . . . Parts Attached 42 | 7 10 13 . 12 Power 4 | 1 1 2 . . Engine 4 | 1 1 2 . . Core . | . . . . . Reactor . | . . . . . Propulsion 16 | 2 5 3 . 6 Treads 10 | 2 5 2 . 1 Leg . | . . . . . Wheel 6 | . . 1 . 5 Hover . | . . . . . Flight . | . . . . . Utility 8 | 2 1 3 . 2 Device 4 | 1 . 2 . 1 Storage 4 | 1 1 1 . 1 Processor . | . . . . . Hackware . | . . . . . Protection . | . . . . . Artifact . | . . . . . Weapon 14 | 2 3 5 . 4 Energy Gun 1 | . 1 . . . Energy Cannon 1 | . . 1 . . Ballistic Gun 5 | 2 1 1 . 1 Ballistic Cannon . | . . . . . Launcher 1 | . . 1 . . Special Weapon 3 | . . . . 3 Impact Weapon 1 | . 1 . . . Slashing Weapon 2 | . . 2 . . Piercing Weapon . | . . . . . Special Melee Weapon . | . . . . . Unidentified Prototypes 2 | . . 1 . 1 Parts Lost 7 | . 1 1 . 5 Power 1 | . . . . 1 Propulsion 2 | . . . . 2 Utility . | . . . . . Weapon 4 | . 1 1 . 2 Highest Loss Streak 5 | . 1 1 . 5 To Critical Strikes . | . . . . . Average Slot Usage (%) 92 | . 100 93 85 91 Engine 13 | . 14 14 14 13 Treads 18 | . 28 23 14 13 Wheel 9 | . . 4 14 14 Device 9 | . 14 9 . 9 Storage 13 | . 14 14 14 13 Energy Gun 4 | . 7 11 . . Energy Cannon 6 | . . . 14 10 Ballistic Gun 10 | . 19 2 14 12 Slashing Weapon 3 | . . 10 . . Peak Build Rating 34 | 7 8 34 32 22 Average Rating 14 | 5 7 14 31 13 On Entrance 12 | . 7 8 32 15 Naked Turns . | . . . . . Heaviest Build 217 | 12 29 217 217 217 Greatest Support 40 | 40 40 40 20 20 Greatest Overweight (x) 10 | . . 10 10 10 Average Overweight (x) 2 | . . 2 10 3 Largest Inventory Capacity 35 | 8 15 35 35 35 Average Capacity 20 | 7 10 21 35 20 Most Carried 35 | 6 15 35 35 21 Average Carried 16 | 4 8 18 34 15 Final Capacity 35 | 8 15 35 35 15 Final Carried 35 | 6 15 35 21 11 Class Distribution -------------------- 68% | Mutant 31% | Hauler-Mutant Dominant Class ---------------- Mutant | -10/Materials Mutant | -10/Subcaves Hauler-Mutant | -9/Recycling Mutant | -9/Scraptown Resources | -11 -10 -10 -9 -9 ----------- Run | Yrd Mat Sub Rec Scr Matter Collected 908 | 312 273 240 16 67 Remotely . | . . . . . Salvage Created 1065 | 126 489 129 321 . Parts 78 | 16 31 9 22 . Haulers Intercepted . | . . . . . Recyclers Shooed . | . . . . . Parts Field Recycled . | . . . . . Retrieved Matter . | . . . . . Parts Self-Destructed 15 | . . 15 . . Prevented . | . . . . . Kills | -11 -10 -10 -9 -9 ------- Run | Yrd Mat Sub Rec Scr Combat Hostiles Destroyed 19 | . 12 . 7 . Guns 16 | . 12 . 4 . Cannons 3 | . . . 3 . Classes Destroyed 8 | 1 3 1 3 . Tunneler 6 | 6 . . . . Turret 2 | . . 2 . . Watcher 3 | . 3 . . . Swarmer 3 | . 3 . . . Grunt 9 | . 9 . . . Protector 1 | . . . 1 . Sentry 5 | . . . 5 . Programmer 1 | . . . 1 . Best Kill Streak 3 | 3 2 2 3 . Combat Bots Only 3 | . 2 . 3 . Max Kills in Single Turn 2 | 1 1 1 2 . Gunslinging . | . . . . . Exploded . | . . . . . Melee . | . . . . . Uniques/NPCs Destroyed . | . . . . . Combat | -11 -10 -10 -9 -9 -------- Run | Yrd Mat Sub Rec Scr Hostile Shots Fired 159 | . 66 35 18 40 Missed 42 | . 18 13 4 7 Damage Taken 1416 | . 552 258 186 420 Core 269 | . 55 80 34 100 Absorbed by Shields 27 | . . . 27 . Core Remaining (%) 100 | 100 . . . . Volleys Fired 87 | 14 57 7 8 1 Largest 2 | 2 2 1 2 1 Hottest 110 | 40 60 30 110 . Shots Fired 166 | 28 114 7 16 1 Gun 150 | 28 114 . 8 . Cannon 8 | . . . 8 . Launcher 7 | . . 7 . . Special 1 | . . . . 1 Kinetic 126 | 28 90 . 8 . Thermal 32 | . 24 . 8 . Explosive 7 | . . 7 . . Electromagnetic . | . . . . . Robot Hit Streak 15 | 5 15 5 7 4 Robot Miss Streak 3 | 2 3 1 2 . Penetration Max . | . . . . . Secondary Targets . | . . . . . Shots Hit Robots 118 | 16 81 11 9 1 Core Hits 55 | 8 29 12 6 . Critical Kills . | . . . . . Critical Parts Destroyed . | . . . . . Critical Strikes . | . . . . . Melee Attacks 37 | . 6 31 . . Impact 6 | . 6 . . . Slashing 31 | . . 31 . . Piercing . | . . . . . Sneak Attacks . | . . . . . Combat Hostiles . | . . . . . Follow-up Attacks . | . . . . . Damage Inflicted 1971 | 194 933 610 234 . Guns 1283 | 194 933 . 156 . Cannons 78 | . . . 78 . Explosions 151 | . . 151 . . Melee 459 | . . 459 . . Ramming . | . . . . . Kinetic 1110 | 194 760 . 156 . Thermal 251 | . 173 . 78 . Explosive 151 | . . 151 . . Electromagnetic . | . . . . . Impact . | . . . . . Slashing 459 | . . 459 . . Piercing . | . . . . . Highest Corruption . | . . . . . Average Corruption . | . . . . . Corruption Purged . | . . . . . Corruption Blocked . | . . . . . Overload Shots . | . . . . . Overflow Damage 24 | . . 13 11 . Projectiles 11 | . . . 11 . Explosions 13 | . . 13 . . Melee . | . . . . . Knockbacks . | . . . . . Impact . | . . . . . Kinetic . | . . . . . Secondary . | . . . . . Self-Inflicted Damage . | . . . . . Shots . | . . . . . Rammed . | . . . . . Targets Rammed . | . . . . . Kicked . | . . . . . Crushed . | . . . . . Highest Temperature 105 | . 69 . 105 . Average Temperature 32 | . 23 . 45 . Received Heat Transfer 659 | . 303 129 53 174 Siege Activations . | . . . . . Robots Corrupted . | . . . . . Combat Hostiles . | . . . . . Parts Fried . | . . . . . Impact Corruptions . | . . . . . Robots Melted . | . . . . . Combat Hostiles . | . . . . . Parts Melted 1 | . 1 . . . Heat Transferred 486 | . 375 . 111 . Parts Sabotaged . | . . . . . Parts Stolen . | . . . . . Parts Stripped . | . . . . . Power Chain Reactions . | . . . . . Alert | -11 -10 -10 -9 -9 ------- Run | Yrd Mat Sub Rec Scr Peak Influence 263 | 30 263 . 154 . Initial 19 | . 19 . . . Average 87 | 9 124 . 43 . Maximum Alert Level 1 | . 1 . . . Low Security (%) 88 | 100 80 . 100 . Level 1 11 | . 19 . . . Level 2 . | . . . . . Level 3 . | . . . . . Level 4 . | . . . . . Level 5 . | . . . . . High Security . | . . . . . Max Security . | . . . . . Squads Dispatched 1 | . 1 . . . Investigation . | . . . . . Extermination . | . . . . . Reinforcement 1 | . 1 . . . Assault . | . . . . . Garrison . | . . . . . Intercept . | . . . . . Searches Triggered . | . . . . . Construction Impeded . | . . . . . Haulers Reinforced . | . . . . . Active Scanning Responses . | . . . . . Cargo Convoy Interrupts . | . . . . . Stealth | -11 -10 -10 -9 -9 --------- Run | Yrd Mat Sub Rec Scr Distress Signals 4 | . 4 . . . Communications Jammed . | . . . . . Distress Signals . | . . . . . Times Spotted 59 | . 29 15 7 8 Peak Tracking Total 10 | . 5 3 4 10 Tactical Retreats 6 | . 5 1 . . Traps | -11 -10 -10 -9 -9 ------- Run | Yrd Mat Sub Rec Scr Traps Triggered . | . . . . . Indirectly . | . . . . . Trap Hack Attempts . | . . . . . Triggered . | . . . . . Disarmed . | . . . . . Reprogrammed . | . . . . . Reused . | . . . . . Traps Extracted . | . . . . . Installed . | . . . . . Triggered . | . . . . . Machines | -11 -10 -10 -9 -9 ---------- Run | Yrd Mat Sub Rec Scr Machines Disabled 4 | . . 3 1 . Max in Single Turn 1 | . . 1 1 . Machines Repaired . | . . . . . Machines Dismantled . | . . . . . Machines Sabotaged . | . . . . . Overloaded Fab Kills . | . . . . . Hacking | -11 -10 -10 -9 -9 --------- Run | Yrd Mat Sub Rec Scr Machines Accessed 16 | . 7 3 2 4 Terminals 8 | . 6 . 2 . Fabricators . | . . . . . Repair Stations . | . . . . . Recycling Units 1 | . 1 . . . Scanalyzers . | . . . . . Garrison Access . | . . . . . Total Hacks 37 | . 14 7 4 12 Successful 30 | . 8 7 3 12 Failed 7 | . 6 . 1 . Catastrophic 3 | . 2 . 1 . Database Lockouts . | . . . . . Manual 11 | . 11 . . . Terminals 16 | . 12 . 4 . Fabricators . | . . . . . Repair Stations . | . . . . . Recycling Units 2 | . 2 . . . Scanalyzers . | . . . . . Garrison Access . | . . . . . Terminal Hacks 26 | . 4 7 3 12 Record 10 | . . 5 . 5 Robot Analysis 8 | . 2 . . 6 Open Door 1 | . . 1 . . Terminal Index 1 | . . . 1 . Alert Level 1 | . . . 1 . Unreport Threat 1 | . . . 1 . Locate Traps 1 | . 1 . . . Hauler Manifests 1 | . 1 . . . Derelict Proto ID Bank 1 | . . . . 1 Release Object 1 | . . 1 . . Fabricator Hacks . | . . . . . Repair Station Hacks . | . . . . . Recycling Unit Hacks 1 | . 1 . . . Retrieve Components 1 | . 1 . . . Scanalyzer . | . . . . . Garrison Access Hacks . | . . . . . Unauthorized Hacks 3 | . 3 . . . Terminals 2 | . 2 . . . Track 1 | . 1 . . . Botnet 1 | . 1 . . . Fabricators . | . . . . . Repair Stations . | . . . . . Recycling Units 1 | . 1 . . . Reject 1 | . 1 . . . Scanalyzers . | . . . . . Garrison Access . | . . . . . Data Cores Recovered . | . . . . . Used . | . . . . . Hacking Detections 7 | . 6 . 1 . Full Trace Events . | . . . . . Feedback Events . | . . . . . Feedback Blocked . | . . . . . Robot Schematics Acquired . | . . . . . Robots Built . | . . . . . Authchips . | . . . . . Time . | . . . . . Total Robot Build Rating . | . . . . . Part Schematics Acquired . | . . . . . Parts Built . | . . . . . Authchips . | . . . . . Time . | . . . . . Total Part Build Rating . | . . . . . Parts Repaired . | . . . . . Time . | . . . . . Parts Recycled . | . . . . . Recycled Matter . | . . . . . Retrieved Matter . | . . . . . Retrieved Components 10 | . 10 . . . Parts Scanalyzed . | . . . . . Part Schematics Acquired . | . . . . . Parts Damaged . | . . . . . Bothacking | -11 -10 -10 -9 -9 ------------ Run | Yrd Mat Sub Rec Scr Used RIF Installer . | . . . . . Robots Hacked . | . . . . . Non-combat . | . . . . . Combat . | . . . . . Robot Hacks Applied . | . . . . . Relay Couplers Released . | . . . . . Fabnet Peak Effective % . | . . . . . Robots Rewired 4 | . . . 4 . Allies Hacked . | . . . . . Hacks Repelled . | . . . . . Allies | -11 -10 -10 -9 -9 -------- Run | Yrd Mat Sub Rec Scr Total Allies 15 | . . 11 4 . Largest Group 5 | . . 5 4 2 Highest-Rated Group 95 | . . 95 92 20 Highest-Rated Ally 27 | . . 19 27 15 Total Orders . | . . . . . Ally Attacks 117 | . . 72 44 1 Total Damage 1820 | . . 1000 793 27 Kills 25 | . . 15 10 . Allies Corrupted . | . . . . . Allies Melted . | . . . . . Intel | -11 -10 -10 -9 -9 ------- Run | Yrd Mat Sub Rec Scr Robot Analysis Total 8 | . 2 . . 6 Derelict Logs Recovered 6 | . . 1 . 5 Drone Launches . | . . . . . Drone Recoveries . | . . . . . Exploration | -11 -10 -10 -9 -9 ------------- Run | Yrd Mat Sub Rec Scr Turns Passed 12462 | 276 1761 3700 1003 5722 Spaces Moved 6127 | 141 922 1993 442 2629 Core 4 | 4 . . . . Treads 3855 | 137 922 1454 . 1342 Legs . | . . . . . Wheels 2268 | . . 539 442 1287 Hover . | . . . . . Flight . | . . . . . Fastest Speed 50 | 50 160 160 210 105 Average Speed 192 | 156 160 174 210 215 Slowest Speed 960 | 160 160 560 210 960 Overloaded Moves . | . . . . . Propulsion Burnouts . | . . . . . Robots Hopped . | . . . . . Cave-ins Triggered . | . . . . . Exploration Rate (%) 74 | 5 99 87 82 97 Regions Visited 4 Branch Regions 3 Pre-discovered Areas 3 | . . 3 . . Known Exits Taken . | . . . . . Unknown Exits Taken 4 | 1 1 1 1 . Scrap Searched 13 | . . 6 . 7 Spaces Dug 8 | . 3 5 . . Terrain Destroyed 31 | . 3 25 3 . Melee 8 | . 3 5 . . Projectile 3 | . . . 3 . AOE 20 | . . 20 . . Terrain Rammed . | . . . . . Walls Destroyed . | . . . . . Machines Disabled . | . . . . . Actions | -11 -10 -10 -9 -9 --------- Run | Yrd Mat Sub Rec Scr Total 6628 | 167 1091 2175 502 2693 Wait 184 | . 76 79 16 13 Move 6123 | 140 921 1992 441 2629 Hop . | . . . . . Pick Up 69 | 6 13 32 1 17 Fast Attach 14 | 7 . 2 . 5 Attach 8 | . 1 1 . 6 Detach 8 | . . . . 8 Swap 20 | . 9 10 . 1 Drop 43 | . 8 21 1 13 Fire 87 | 14 57 7 8 1 Melee 37 | . 6 31 . . Ram . | . . . . . Kick . | . . . . . Crush . | . . . . . Escape Stasis . | . . . . . Rewire 35 | . . . 35 . Trap . | . . . . . Miscellaneous . | . . . . . Route ------- -11/Scrapyard -10/Materials (discovered 5 exits: [*Mat x3] / [*Min] / *Sub) -10/Subcaves (discovered 3 exits: [*Mat x2] / *Rec) -9/Recycling (discovered 2 exits: [*Fac] / *Scr) -9/Scraptown (discovered 2 exits: [*Fac x2]) History --------- Turn | Location | Event 14 | -11/Scrapyard | Discovered new exit (range 15) 277 | -11/Scrapyard | Entered Materials 316 | -10/Materials | Build established: Mutant 526 | -10/Materials | Discovered new exit (range 8) 1032 | -10/Materials | Discovered new exit (range 16) 1239 | -10/Materials | Discovered new exit (range 12) 1481 | -10/Materials | Discovered new exit (range 8) 1940 | -10/Materials | Discovered new exit (range 7) 2038 | -10/Materials | Entered Subcaves 2224 | -10/Subcaves | Visited triangular shrine 2234 | -10/Subcaves | Found Prototype Device 2234 | -10/Subcaves | Identified V3-11A's Pendant 2239 | -10/Subcaves | Befriended Subdweller 2279 | -10/Subcaves | Befriended Subdweller 2279 | -10/Subcaves | Befriended Subdweller 2309 | -10/Subcaves | Discovered new exit (range 15) 2321 | -10/Subcaves | Shifting Twisted Machinery released Mak. Axe 2542 | -10/Subcaves | Visited Clippyterm 2547 | -10/Subcaves | Learned location of Deep Caves (-7) 2547 | -10/Subcaves | Learned location of Section 7 (-3) 2578 | -10/Subcaves | Shifting Twisted Machinery released Flamer 2958 | -10/Subcaves | Shifting Twisted Machinery released Battle Cannon 2961 | -10/Subcaves | Shifting Twisted Machinery released Battle Cannon 3059 | -10/Subcaves | Befriended Subdweller 3059 | -10/Subcaves | Befriended Subdweller 3160 | -10/Subcaves | Learned location of Zion (-7) 3211 | -10/Subcaves | Discovered new exit (range 10) 3234 | -10/Subcaves | Lost 5 allies 3357 | -10/Subcaves | A swath of the cavern ceiling suddenly collapsed 3391 | -10/Subcaves | Approached by friendly Subdweller 3504 | -10/Subcaves | Befriended Subdweller 3504 | -10/Subcaves | Befriended Subdweller 3578 | -10/Subcaves | A swath of the cavern ceiling suddenly collapsed 3629 | -10/Subcaves | Befriended Subdweller 3634 | -10/Subcaves | Befriended Subdweller 3754 | -10/Subcaves | Befriended Subdweller 3856 | -10/Subcaves | Disturbed a concealed Subdweller 4082 | -10/Subcaves | Discovered new exit (range 10) 4716 | -10/Subcaves | Core integrity fell below 50% 4794 | -10/Subcaves | Build established: Hauler-Mutant 5500 | -10/Subcaves | Found SUBCON Basin 5738 | -10/Subcaves | Entered Recycling 5738 | -9/Recycling | Accompanied by 3 allies 6145 | -9/Recycling | Lost 4 allies 6350 | -9/Recycling | Discovered new exit (range 16) 6641 | -9/Recycling | Scanned before Scraplab entrance 6670 | -9/Recycling | Entered Scraplab 6735 | -9/Recycling | Discovered new exit (range 2) 6741 | -9/Recycling | Entered Scraptown 6741 | -9/Scraptown | Accompanied by 2 allies 7126 | -9/Scraptown | Delivered V3-11A's Pendant to T0-NE2 in exchange for information 7417 | -9/Scraptown | Heard Great Nut preacher, LISTEN AND RECITE! 7425 | -9/Scraptown | Discovered new exit (range 7) 7539 | -9/Scraptown | Scanned Subdweller tech in exchange for log data 7545 | -9/Scraptown | Learned Research stockpile data 7547 | -9/Scraptown | Learned Factory trap positions 7602 | -9/Scraptown | Visited Spacefarers 7665 | -9/Scraptown | Visited TADAMA 7736 | -9/Scraptown | Visited Symbiants 8579 | -9/Scraptown | Visited Fellowship of the Rings 8690 | -9/Scraptown | Build established: Mutant 9023 | -9/Scraptown | Visited UFD Registry 9023 | -9/Scraptown | Registered with UFD as "Thermoslicer" 9061 | -9/Scraptown | Visited SPCMW 9112 | -9/Scraptown | Visited Shadow of the Wyrm 9167 | -9/Scraptown | Visited CPS Storage 9292 | -9/Scraptown | Visited Science Testing Area 9383 | -9/Scraptown | Visited Modified Component R&D 9501 | -9/Scraptown | Visited Scrapoid Research Area 9582 | -9/Scraptown | Visited Derelict Rescue Squad 9647 | -9/Scraptown | Visited Junk Repository 9705 | -9/Scraptown | Visited Junk Repository 9774 | -9/Scraptown | Visited DA-N13 Charitable Foundation 9803 | -9/Scraptown | Found DCF Scrap (27 items) 9954 | -9/Scraptown | Visited Science Guys 10041 | -9/Scraptown | Visited Analyses Database 10093 | -9/Scraptown | Visited Junk Cannon Lab 10300 | -9/Scraptown | Discovered new exit (range 3) 10430 | -9/Scraptown | Found Scrap Suit 10659 | -9/Scraptown | Delivered Scrap Shield to a Scientist 10936 | -9/Scraptown | Found Prototype Special Weapon 10936 | -9/Scraptown | Identified Junk Cannon 12106 | -9/Scraptown | Guru changed UFD alias to "Wireroller" 12439 | -9/Scraptown | Attacked by Scraptown defenders 12457 | -9/Scraptown | Core integrity fell below 20% 12463 | -9/Scraptown | Destroyed by TD-7WY(h) with KE Penetrator Last Messages --------------- 12439_ ANNOUNCEMENT: Intruder alert! Defend Scraptown! 12439_ Bolt penetrates Pest 2a. 12439_ Pest 2a destroyed. 12444_ Bolt penetrates Defender 2a. 12446_ Acquired 17 matter. 12446_ Bolt penetrates Defender 2a. 12446_ Defender 2a destroyed. 12449_ Penetrated by Bolt. 12450_ Ion Engine destroyed. 12451_ CPS Tube destroyed. 12452_ Penetrated by Bolt. 12457_ Hvy. Assault Rifle destroyed. 12457_ Penetrated by Bolt. 12459_ Penetrated by Slug. 12459_ Lgt. Treads destroyed. 12459_ Machine disabled. 12460_ Bolt penetrates Wall. 12462_ Arm. Wheel destroyed. 12462_ Penetrated by Bolt. 12463_ Penetrated by Slug. Map ----- +----------------------------------------------------+ | ???????????????????????????????????#######???????? | | ???????????????????????????????????#######???????? | | ????#####################?######???##"""##???????? | | ????#############################??##" "##???????? | | ???##"""##"""##""|##"""##### ####### < ###??????? | | ???##"" ##"" ##"" ##! "#### ###### ###??????? | | ???##"" = ##??????? | | ???## ** ##??????? | | ########################### ############??????? | | ############################ #############??????? | | "########################### ###????????????????? | | "####""""" ####""""""""## ##?????????????????? | | "#### " " " ####" & " "## ##?????????????????? | | "#### """####" "## ##?????????????????? | | "#### """####"" ""## ##?????????????????? | | "#### " """####" "## ############???????? | | "####""" " ####"" ""## ############???????? | | #####""" ####" & "## #[ #!=]#= ##???????? | | "####""" ""####"" ""## # !#== #]=##???????? | | #### " "#### ## # # # ##???????? | | #### "#### ## # ##???????? | | #### #### ## # ##???????? | | ########## ########### ##### ## ##########??????? | | ########## ########### ##### ## ##########??????? | | """""""""" """"""""""" h """ "" "## ##??????? | | %[ @ "## ##??????? | | "## #####??????? | | g "## !##??????? | | j "## * ##??????? | | ]=##??????? | | """""""""""""""""""""" """"" "## #####??????? | | """""""""""""""""""""""""""" "## ! ##??????? | | ""###### ################""j "## ###?????? | | ""# ###########"" "##########?????? | | ""# X"##??????##"" "## !!*!=##?????? | | ""# "" "" ###????####"" "##*=/%*=##?????? | | ""# "" "" X"##########"" "##=*][[*##?????? | | ""# " " ######### #"" j"##=![|####?????? | | "" "" !!!####?????? | | "" "" "## =*=| ##?????? | | ""# " " ######### #"" "## ! % ##?????? | | ""# "" "" ""##########"" "## ] ##?????? | | ""# "" "" ###????####"" "##########?????? | | ""# ""##??????##"" "###############? | | ""# ###########"" "###############? | | ""###### ################"" "## "&&&""""""##? | | """""""""""""""""""""""""""" "## "" """"""##? | | """""""""""""""""""""""""""" "/"""##? | | "## """ "##? | | "## "" X"##? | +----------------------------------------------------+ Best States ------------- Heat Dissipation 25 Energy Generation 15 Energy Capacity 250 Matter Stores 300 Matter Capacity 300 Sight Range 16 Terrain Scan Density 10 Evasion (%) 40 Recoil Reduction 2 Item Schematics ----------------- None Robot Schematics ------------------ None Fabricated ------------ Nothing Alien Tech Used ----------------- None Achievements -------------- None Challenges ------------ None Game ------ Seed CannonHoverReplica Manual? 0 Play Time 00:59:46 Cumulative 207.0 hours Start 2024.08.07 @ 10:23:57 End 2024.08.07 @ 11:22:46 Sessions 1 Manual Loads 0 Difficulty Rogue Special Mode None Game No. 157 Rogue 157 Adventurer 0 Explorer 0 Win Type - Total 3 Types 3/0/0/0/0/0/0/0/0 Lore% 54 Gallery% 70 Achievement% 62 Wizard Run 0 Options --------- Layout 0 ASCII 0 Keyboard 1 Movement Numpad Keybinds 0 Fullscreen 1 Font 18/SmallcapsGlow Map View 76x50 Zoom Use 0% Tactical HUD 1 Map Filters NONE Filters NONE Steam 1 RUN: a852e0d9-c709-4664-81b0-ca048d0b30ab